 Dungeon Crawl Stone Soup version 0.29.0-4-gdea44cf6ec (webtiles) character file.

Game seed: 8109807948691405006

38 qw the Chopper (level 3, 0/21 HPs)
             Began as a Tengu Warper on Aug 29, 2022.
             Slain by a gnoll
             ... wielding a +0 flail
              (3 damage)
             ... on level 2 of the Dungeon.
             The game lasted 00:00:21 (1180 turns).

qw the Chopper (Tengu Warper)                       Turns: 1180, Time: 00:00:21

Health: 0/21       AC:  3    Str: 13    XL:     3   Next: 43%
Magic:  7/7        EV: 12    Int: 13    God:
Gold:   37         SH:  0    Dex: 13    Spells: 6/6 levels left

rFire   . . .      SeeInvis .   Y - +0 hand axe
rCold   . . .      Faith    .   (no shield)
rNeg    . . .      Spirit   .   b - +0 leather armour
rPois   .          Reflect  .   (helmet restricted)
rElec   .          Harm     .   (no cloak)
rCorr   .          Rampage  .   (no gloves)
Will    .....                   (boots unavailable)
Stlth   +.........              (no amulet)
HPRegen 0.07/turn               (no ring)
MPRegen 0.10/turn               (no ring)

@: no status effects
A: beak, talons 3
a: no special abilities


You were on level 2 of the Dungeon.
You visited 1 branch of the dungeon, and saw 2 of its levels.

You collected 37 gold pieces.


Innate Abilities, Weirdness & Mutations

You have a beak for a mouth.
You have claws for feet.


   Skills:
 - Level 2.0 Fighting
 + Level 4.1 Axes
 - Level 1.0 Throwing
 - Level 1.1 Armour
 - Level 2.1 Dodging
 - Level 2.0 Spellcasting
 - Level 2.4 Translocations


You had 6 spell levels left.
You didn't know any spells.
Your spell library contained the following spells:

 Spells                   Type           Power      Damage    Failure   Level
 Blink                    Tloc           14%        N/A       19%         2
 Gell's Gravitas          Tloc           7%         N/A       36%         3
 Lesser Beckoning         Tloc           7%         N/A       36%         3
 Teleport Other           Tloc           7%         N/A       36%         3
 Manifold Assault         Tloc           7%         N/A       98%         5

Inventory:

Hand Weapons
 k - a +0 whip
 Y - a +0 hand axe (weapon)
Missiles
 h - 4 javelins (quivered)
Armour
 b - a +0 leather armour (worn)
Scrolls
 a - a scroll of magic mapping {unknown}
 i - a scroll of identify
Potions
 f - a potion of might
 j - a potion of mutation

Dungeon Overview and Level Annotations

Branches:
Dungeon (2/15)

Altars:

Shops:
D:1 [


Message History

h - 3 javelins (gained 1)
h - 5 javelins (gained 2)
Found a book of Callings.
Enter note: 2 gnolls come into view.
A gnoll is wielding a +4 antimagic flail.
The gnoll shouts! x2; You hear a shout!
A gnoll comes into view. It is wielding a +0 flail.
The gnoll moves out of view.
Throw: 5 javelins
Press: ? - help, Q - select action Shift-Dir - straight line, f - gnoll You throw a javelin.
The javelin closely misses the gnoll.
You hear a shout!
A gnoll comes into view. It is wielding a +0 flail.
The gnoll closely misses you.
You hit the gnoll.
The gnoll is heavily wounded.
The gnoll barely misses you.
You hit the gnoll but do no damage. You claw the gnoll.
The gnoll is heavily wounded.
You hit the gnoll.
The gnoll is almost dead.
You barely miss the gnoll. The gnoll hits you with a +0 whip.
The gnoll hits you with a +0 flail!
You barely miss the gnoll. Your peck misses the gnoll.
The gnoll is almost dead.
You hit the gnoll. The gnoll hits you with a +0 whip.
The gnoll hits you with a +0 flail!
You hit the gnoll.
You kill the gnoll!
You hit the gnoll.
Your Axes skill increases to level 4!
You barely miss the gnoll. You claw the gnoll.
You peck the gnoll, but do no damage.
The gnoll is moderately wounded.
You hit the gnoll.
The gnoll is heavily wounded.
You hit the gnoll. The gnoll hits you with a +0 flail.
You die...

##.###. #...#(. .......
#...... ..:.. ... #
#.#g#### #...# #..g@..#
.... ###.##.# #... ... #.#
.# #### #.# ##.# #. #.#
#.. #. #######.#####.# #.#
#.# #.............#
#.#####.####.#####.#######
..(................#


You could see 2 gnolls.

Vanquished Creatures
  A gnoll (D:2)
  A worm (D:2)
  2 ball pythons
  5 bats
  2 endoplasms (D:1)
  4 goblins (D:1)
  3 hobgoblins
  4 kobolds
  2 rats
24 creatures vanquished.

Notes
Turn   | Place    | Note
-------+----------+-------------------------------------------
     0 | D:1      | qw the Tengu Warper began the quest for the Orb.
     0 | D:1      | Reached XP level 1. HP: 12/12 MP: 4/4
     0 | D:1      | 0 ||| qw: Version: 0.1-a-89-g26bdef1
     0 | D:1      | 0 ||| qw: Game counter: 3529
     0 | D:1      | 0 ||| qw: Always use a shield: true
     0 | D:1      | 0 ||| qw: God list: Okawaru
     0 | D:1      | 0 ||| qw: Allow faded altars: false
     0 | D:1      | 0 ||| qw: Do Orc after D:15 true
     0 | D:1      | 0 ||| qw: Do second Lair branch before Depths: true
     0 | D:1      | 0 ||| qw: Lair rune preference: random
     0 | D:1      | 0 ||| qw: Plans: Normal
     0 | D:1      | 0 ||| PLANNING D:1-11
    36 | D:1      | 36 ||| Stepping ~*~*~tactically~*~*~ (stealth).
    40 | D:1      | 40 ||| Stepping ~*~*~tactically~*~*~ (stealth).
    50 | D:1      | 50 ||| Stepping ~*~*~tactically~*~*~ (stealth).
   266 | D:1      | Found Woujim's Armour Shop.
   277 | D:1      | 277 ||| SHOPLISTING +0 ring mail (48 gold, have 20).
   277 | D:1      | 277 ||| SHOPLISTING +1 troll leather armour (264 gold, have
                  | 20).
   277 | D:1      | 277 ||| SHOPLISTING +3 leather armour of willpower (288
                  | gold, have 20).
   277 | D:1      | 277 ||| SHOPLISTING +3 scale mail of willpower (312 gold,
                  | have 20).
   281 | D:1      | Reached skill level 3 in Axes
   281 | D:1      | Reached XP level 2. HP: 17/17 MP: 6/6
   316 | D:1      | 316 ||| Stepping ~*~*~tactically~*~*~ (stealth).
   575 | D:1      | 575 ||| DROPPING +0 club.
   844 | D:1      | Found a faded altar of an unknown god.
   870 | D:1      | 870 ||| READING scroll labelled MEMIDE LAKHY.
   971 | D:1      | 971 ||| READING scroll labelled WUYFURGHEICY.
   972 | D:1      | 972 ||| READING scroll labelled QYILIO HOEV.
   973 | D:1      | 973 ||| READING 4 scrolls labelled CYCKEO QOISTRE.
   974 | D:1      | 974 ||| READING 3 scrolls of identify.
   974 | D:1      | 974 ||| IDENTIFYING puce potion
   975 | D:1      | 975 ||| READING 2 scrolls of identify.
   975 | D:1      | 975 ||| IDENTIFYING fizzy puce potion
   976 | D:1      | 976 ||| DROPPING scroll of blinking.
  1010 | D:2      | 1010 ||| STAIRDANCE
  1013 | D:2      | 1013 ||| STAIRDANCE
  1051 | D:2      | 1051 ||| STAIRDANCE
  1089 | D:2      | 1089 ||| Stepping ~*~*~tactically~*~*~ (stealth).
  1090 | D:2      | 1090 ||| Stepping ~*~*~tactically~*~*~ (stealth).
  1092 | D:2      | 1092 ||| Stepping ~*~*~tactically~*~*~ (stealth).
  1093 | D:2      | 1093 ||| Stepping ~*~*~tactically~*~*~ (stealth).
  1122 | D:2      | Reached XP level 3. HP: 21/21 MP: 7/7
  1177 | D:2      | HP: 3/21 [gnoll/+0 flail (7)]
  1179 | D:2      | Reached skill level 4 in Axes
  1180 | D:2      | Slain by a gnoll

Levels and vault maps discovered:
D:1:      scummos_arrival_gate, layout_basic, serial_shops, shop,
          basic_ecumenical_altar
D:2:      layout_loops_ring, grunt_ministairs_8, uniq_jessica

Skill      XL: |  1  2  3 |
---------------+----------+-----
Axes           | 3 4 |  4.1
Fighting       | |  2.0
Throwing       | |  1.0
Armour         | |  1.1
Dodging        | |  2.1
Spellcasting   | |  2.0
Translocations | |  2.4

Action                   || total
-------------------------++-------
Melee: Hand axe          ||    43
       Kick              ||     8
       Peck              ||     6
Throw: Boomerang         ||     7
       Javelin           ||    15
  Use: Scroll            ||     6
 Stab: Sleeping          ||     1
Armor: Leather armour    ||    13
Dodge: Dodged            ||    25

Table legend:
 A = Non-vault XP
 B = Vault XP
 C = Vault XP percentage of total XP
 D = Non-vault monster count
 E = Vault monster count
 F = Vault count percentage of total count
                 A         B        C        D         E       F
            +---------+---------+-------+---------+---------+-------
      Total |      53 |       2 |   3.6 |      22 |       2 |   8.3
            +---------+---------+-------+---------+---------+-------
        D:1 |      27 |       0 |   0.0 |      16 |       0 |   0.0
        D:2 |      26 |       2 |   7.1 |       6 |       2 |  25.0
            +---------+---------+-------+---------+---------+-------
